 Dungeon Crawl Stone Soup version 0.29-a0-732-g3d7fbe0af2 (console) character file.

Game seed: 13237419808303125901

38 jejorda2 the Chopper (level 3, -1/31 HPs)
             Began as a Palentonga Berserker on June 29, 2022.
             Was a Follower of Trog.
             Slain by a goblin
             ... wielding a +0 dagger
             ... led by Robin
              (2 damage)
             ... on level 2 of the Dungeon.
             The game lasted 00:02:44 (807 turns).

jejorda2 the Chopper (Palentonga Berserker)          Turns: 807, Time: 00:02:45

Health: -1/31      AC:  6    Str: 20    XL:     3   Next: 25%
Magic:  3/3        EV:  8    Int:  7    God:    Trog [*.....]
Gold:   42         SH:  0    Dex: 11    Spells: 2/2 levels left

rFire   . . .      SeeInvis +   a - +2 dagger (elec)
rCold   . . .      Faith    .   (no shield)
rNeg    . . .      Spirit   .   h - +0 scale mail
rPois   .          Reflect  .   (no helmet)
rElec   .          Harm     .   (no cloak)
rCorr   .          Rampage  .   (no gloves)
Will    .....                   (no barding)
Stlth   ..........              (no amulet)
HPRegen 0.10/turn               (no ring)
MPRegen 0.08/turn               (no ring)

@: no status effects
A: large, rugged brown scales 3, see invisible, deformed body, roll 1, armoured
tail
a: Rolling Charge, Renounce Religion, Berserk


You were on level 2 of the Dungeon.
You worshipped Trog.
Trog was aware of your devotion.
You visited 1 branch of the dungeon, and saw 2 of its levels.

You collected 42 gold pieces.

Inventory:

Hand Weapons
 a - a +2 dagger of electrocution (weapon)
 i - a +0 short sword
Missiles
 c - 9 stones
Armour
 h - a +0 scale mail (worn)
Scrolls
 b - a scroll of identify {unknown}
 d - 2 scrolls of teleportation {unknown}
Potions
 e - 2 potions of brilliance {unknown}
 f - a potion of berserk rage {unknown}
 g - a potion of flight {unknown}


   Skills:
 + Level 3.3 Fighting
 * Level 1.3 Short Blades
 - Level 3.3 Axes
 + Level 2.0 Armour
 - Level 1.5 Dodging


You had 2 spell levels left.
You didn't know any spells.
Your spell library was empty.

Dungeon Overview and Level Annotations

Branches:
Dungeon (2/15)

Altars:


Innate Abilities, Weirdness & Mutations

You are completely covered in rugged brown scales. (AC +3, +7% HP)
You have supernaturally acute eyesight. (SInv)
Armour fits poorly on your strangely shaped body.
You can roll at nearby foes to attack.
You have a long armoured tail.


Message History

Robin is heavily wounded.
Robin throws the goblin at you!
A hobgoblin comes into view.
The goblin hits you with a +0 club.
You fail to use your ability.
Robin closely misses you.
A goblin comes into view. It is wielding a +0 dagger.
The goblin barely misses you.
You closely miss Robin.
The goblin shouts!
You tail-slap Robin.
Robin is severely wounded.
The hobgoblin hits you. The goblin closely misses you.
Robin throws the goblin at you!
You hit Robin.
Robin is almost dead.
The hobgoblin hits you. The goblin barely misses you.
The goblin hits you with a +0 club.
* * * LOW HITPOINT WARNING * * *
Robin hits you with a +0 club.
* * * LOW HITPOINT WARNING * * *
You barely miss Robin. You tail-slap Robin.
You kill Robin!
Trog accepts your kill. The goblin hits you with a +0 club.
* * * LOW HITPOINT WARNING * * *
A goblin comes into view. It is wielding a +0 dagger.
The goblin hits you but does no damage.
The hobgoblin hits you but does no damage.
You have reached level 3!
Your experience leads to an increase in your attributes!
Increase (S)trength, (I)ntelligence, or (D)exterity?
You feel agile. x2
You closely miss the goblin. You barely miss the goblin.
Your tail-slap misses the goblin.
The goblin closely misses you.
A rat comes into view.
The goblin hits you with a +0 dagger.
* * * LOW HITPOINT WARNING * * *
The goblin hits you with a +0 dagger.
You die...

##### ...# ..#
#.#.# # #.#># #.
#.#)# #.##.#)##
##....gg#≈###
......g@#≈≈≈##
.#.##g.g# #≈≈#
#.##..)###≈≈###
#..g...##≈≈≈..##
#.g##..#≈≈≈≈...#
#.........≈≈...#
.r.....#..≈≈≈...#
.g..####...≈≈...#
#### #.≈.≈≈...###


You could see 2 hobgoblins, 6 goblins and a rat.

Vanquished Creatures
  Robin (D:2)
  2 dart slugs
  A bat (D:1)
  An endoplasm (D:2)
  A giant cockroach (D:1)
  5 goblins
  3 jackals (D:1)
  5 ball pythons
  2 kobolds (D:1)
  2 rats
23 creatures vanquished.

Notes
Turn   | Place    | Note
-------+----------+-------------------------------------------
     0 | D:1      | jejorda2 the Palentonga Berserker began the quest for the
                  | Orb.
     0 | D:1      | Reached XP level 1. HP: 19/19 MP: 1/1
   188 | D:1      | Reached XP level 2. HP: 25/25 MP: 2/2
   792 | D:2      | Reached skill level 1 in Short Blades
   794 | D:2      | Noticed Robin
   805 | D:2      | Killed Robin
   806 | D:2      | Reached XP level 3. HP: 3/31 MP: 3/3
   807 | D:2      | HP: 1/31 [goblin/+0 dagger[Robin] (2)]
   807 | D:2      | Slain by a goblin

Illustrated notes

Levels and vault maps discovered:
D:1:      dpeg_arrival_stone_temple_mockup, layout_rooms
D:2:      layout_loops_cross, serial_rivers, chequers_serial_rivers_small_3,
          chequers_serial_rivers_small_3, chequers_serial_rivers_small_b,
          chequers_serial_rivers_room_a, chequers_serial_rivers_micro_b,
          hellmonk_ecumenical_altar_run_dry, uniq_robin

Skill      XL: |  1  2 |
---------------+-------+-----
Short Blades   | 1 |  1.3
Armour         | 2 |  2.0
Fighting       | |  3.3
Axes           | |  3.3
Dodging        | |  1.5

Action                   || total
-------------------------++-------
Melee: Hand axe          ||    21
       Tailslap          ||     8
       Dagger            ||    45
Invok: Berserk           ||     1
 Abil: Rolling Charge    ||     1
Armor: Ring mail         ||     6
       Scale mail        ||    32
Dodge: Dodged            ||    34

Table legend: (Time is in decaauts)
 A = Elapsed time spent in this place.
 B = Non-inter-level travel time spent in this place.
 C = Inter-level travel time spent in this place.
 D = Time resting spent in this place.
 E = Time spent auto-exploring this place.
 F = Levels seen in this place.
 G = Mean time per level.
                   A        B        C        D        E       F      G
               +--------+--------+--------+--------+--------+-----+--------+
         Total |    815 |    760 |     55 |     31 |    541 |   2 |  407.5 |
       Dungeon |    815 |    760 |     55 |     31 |    541 |   2 |  407.5 |
               +--------+--------+--------+--------+--------+-----+--------+

Top non-repeatable levels by time:
     D:1: 626 daAuts
     D:2: 188 daAuts
